 Dungeon Sprint DCSS version 0.21-a0-203-gb066a6e (webtiles) character file.

7742 Kidiri the Eclecticist (level 11, -13/68 HPs)
             Began as a Deep Elf Fire Elementalist on Aug 19, 2017.
             Was the Champion of Vehumet.
             Killed from afar by a lindwurm (39 damage)
             ... with a blast of flame
             ... in the Dungeon (Sprint III: "The Ten Rune Challenge").
             The game lasted 00:13:32 (2350 turns).

Kidiri the Eclecticist (Deep Elf Fire Elementalist) Turns: 2350, Time: 00:13:33

Health: -13/68     AC:  2    Str:  7    XL:     11   Next: 0%
Magic:  22/33      EV: 20    Int: 24    God:    Vehumet [******]
Gold:   40         SH:  0    Dex: 15    Spells: 7/42 levels left

rFire    . . .     SeeInvis .   k - +0 dagger
rCold    . . .     Gourm    .   (no shield)
rNeg     . . .     Faith    .   a - +0 robe
rPois    .         Spirit   .   (no helmet)
rElec    .         Reflect  .   (no cloak)
rCorr    .         Harm     .   (no gloves)
MR       +....     Rnd*Rage +   (no boots) Stlth ++........NoTele +
                                (no amulet)
HPRegen  0.00/turn              (no ring)
MPRegen  0.23/turn              (no ring)

@: no status effects
A: berserk 1, inhibited regeneration, strong 1
a: Renounce Religion


You were in the Dungeon.
You worshipped Vehumet.
Vehumet was exalted by your worship.
You were not hungry.

You visited 1 branch You collected 40 gold pieces.

Inventory:

Hand Weapons
 k - a +0 dagger (weapon)
Armour
 a - a +0 robe (worn)
Scrolls
 i - a scroll of blinking
 n - a scroll of torment
 p - 2 scrolls of remove curse {unknown}
 s - a scroll of holy word {unknown}
Potions
 d - 2 potions of curing
 e - a potion of heal wounds
 f - a potion of haste
 g - a potion of magic
 h - a potion of berserk rage
 l - a potion of lignification
 r - a potion of ambrosia
 t - 2 potions of flight
Books
 m - a book of Ice

   Spells                             Type                      Level
   a - Ice Form                       Ice/Transmutation            4
   b - Metabolic Englaciation         Hexes/Ice                    5
   c - Ozocubu's Refrigeration        Ice                          6
   d - Bolt of Cold                   Conjuration/Ice              6
   e - Freezing Cloud                 Conjuration/Ice/Air          6
   f - Simulacrum                     Ice/Necromancy               6
Comestibles
 b - 17 royal jellies
 c - 2 bread rations


   Skills:
 + Level 7.6 Fighting
 + Level 7.1 Short Blades
 + Level 7.7 Armour
 + Level 11.2 Dodging
 - Level 2.4 Stealth
 * Level 16.0 Spellcasting
 + Level 10.1 Conjurations
 + Level 10.6 Fire Magic
 + Level 7.7 Ice Magic
 + Level 7.0 Air Magic


You had 7 spell levels left.
You knew the following spells:

 Your Spells              Type           Power        Failure   Level  Hunger
a - Flame Tongue          Conj/Fire      #####        1%          1    None
b - Throw Flame           Conj/Fire      ######       1%          2    None
c - Conjure Flame         Conj/Fire      ######..     1%          3    None
d - Inner Flame           Hex/Fire       #####...     1%          3    None
e - Sticky Flame          Conj/Fire      ######..     1%          4    None
f - Fireball              Conj/Fire      ######....   1%          5    #......
g - Freezing Cloud        Conj/Ice/Air   ######....   4%          6    ####...
h - Bolt of Cold          Conj/Ice       ######....   3%          6    ####...
i - Lightning Bolt        Conj/Air       ######....   1%          5    #......


Dungeon Overview and Level Annotations

Branches:
Dungeon (1/1)

Altars:
Cheibriados
Dithmenos
Elyvilon
Fedhas
Gozag
Hepliaklqana
Kikubaaqudgha
Makhleb
Nemelex Xobeh
Okawaru
Qazlal
Ru
Sif Muna
Trog
Uskayaw
Vehumet
Wu Jian
Xom
Yredelemnul
Zin
The Shining One
Beogh
Jiyva
Lugonu

Annotations:
D exclusion: door, Urug


Innate Abilities, Weirdness & Mutations

You tend to lose your temper in combat.
You do not regenerate when monsters are visible.
Your muscles are strong. (Str +2)


Message History

Confirm with . or Enter, or press ? or * to list all spells.
Aiming: Bolt of Cold
Press: ? - help, Shift-Dir - straight line, f/p - lindwurm
Aim: a lindwurm (moderately wounded)
The bolt of cold hits the lindwurm.
The lindwurm is almost dead.
The lindwurm breathes flames at you. The blast of flame hits you!
Urug the Orcish Ballista comes into view.
She is wielding an enchanted battleaxe.
Casting: Bolt of Cold
Confirm with . or Enter, or press ? or * to list all spells.
Aiming: Bolt of Cold
Press: ? - help, Shift-Dir - straight line, f/p - lindwurm
Aim: a lindwurm (almost dead, catching its breath)
Okay, then.
Unknown command.
The lindwurm breathes flames at you. The blast of flame hits you!
Ouch! That really hurt!
You die...

###....#___#__+...#.#.§§#...#)..#
**▓▓▓▓▓▓▓▓▓▓▓▓▓▓▓▓▓▓▓▓▓▓▓▓▓▓▓▓▓▓#
≈,≈≈**,,,,,**♣♣≈≈≈........≈≈≈...#
≈≈≈≈**,≈≈≈≈+♣♣'♣≈≈≈≈≈≈≈≈≈≈≈≈♣♣P.'
≈≈≈≈,+,,,,,#.≈♣♣♣♣♣♣♣♣♣♣♣♣♣♣♣♣PP#
≈≈≈≈*******#..♣♣ ♣♣♣# ≈≈≈,*
###'♣♣♣♣♣************* *******
♣♣♣♣.##.k##≈≈≈≈≈≈,,*,,* ,,,,,,**
♣...##@##.#≈≈≈≈≈,,,*,,* ******+*
♣♣.##.##.##+≈≈≈≈≈****+* ,,,,,,,*
♣...#.##o,,*≈≈,,,,,,,,*
**********♣♣♣.##.##,,*≈,,+*******
,,,,,,,,,* ♣♣.##.#****,,,*,,,,,,*
,,,,,,,,,* ♣.....#*,,,,,,****,_,*
*****+**** #######*+*************
*,** *,,,,,,,,,,,*** * **,*
*,,,,,,,,,,,,**


You could see a lindwurm.

Vanquished Creatures
  Josephine (D)
  A centaur warrior (D)
  2 unseen horrors (D)
  A deep elf mage (D)
  2 spiny frogs (D)
  A komodo dragon (D)
  A queen bee (D)
  3 wandering mushrooms (D)
  2 tyrant leeches (D)
  A shadow (D)
  3 redbacks (D)
  A spatial vortex (D)
  A necrophage (D)
  2 centaurs (D)
  A water elemental (D)
  32 killer bees (D)
  A jelly (D)
  Jessica (D)
  A wizard (D)
  A necromancer (D)
  3 humans (D)
  A kobold demonologist (D)
  A wolf (D)
  2 rats (D)
66 creatures vanquished.

Vanquished Creatures (others)
  2 draconian scorchers (D)
  6 hellions (D)
  2 yaktaurs (D)
  5 plants (D)
15 creatures vanquished.

Grand Total: 81 creatures vanquished

Notes
Turn   | Place    | Note
-------+----------+-------------------------------------------
     0 | D        | Kidiri the Deep Elf Fire Elementalist began the quest for the Orb.
     0 | D        | Reached XP level 1. HP: 10/10 MP: 6/6
    32 | D        | Noticed Jessica
    59 | D        | Killed Jessica
    59 | D        | Reached skill level 1 in Fighting
    59 | D        | Reached skill level 1 in Armour
    59 | D        | Reached skill level 5 in Spellcasting
    59 | D        | Reached XP level 2. HP: 16/16 MP: 6/10
    62 | D        | Killed a yaktaur
    63 | D        | Learned a level 2 spell: Throw Flame
   100 | D        | Reached XP level 3. HP: 10/21 MP: 3/12
   106 | D        | Reached skill level 6 in Spellcasting
   106 | D        | Killed a yaktaur
   114 | D        | Learned a level 3 spell: Conjure Flame
   118 | D        | Learned a level 3 spell: Inner Flame
   135 | D        | Gained mutation: You have a pair of small antennae on your head. [potion of mutation]
   135 | D        | Gained mutation: Armour fits poorly on your strangely shaped body. [potion of mutation]
   135 | D        | Gained mutation: Your movements are slightly less encumbered by armour. (ER -2) [potion of mutation]
   135 | D        | Gained mutation: You have large cloven feet. [potion of mutation]
   136 | D        | Lost mutation: Armour fits poorly on your strangely shaped body. [potion of mutation]
   136 | D        | Lost mutation: You have a pair of small antennae on your head. [potion of mutation]
   136 | D        | Gained mutation: You are agile. (Dex +2) [potion of mutation]
   136 | D        | Gained mutation: Your body sometimes deteriorates upon taking damage. [potion of mutation]
   136 | D        | Gained mutation: You possess an exceptional clarity of mind. [potion of mutation]
   137 | D        | Lost mutation: You have large cloven feet. [potion of mutation]
   137 | D        | Lost mutation: Your body sometimes deteriorates upon taking damage. [potion of mutation]
   137 | D        | Lost mutation: You possess an exceptional clarity of mind. [potion of mutation]
   137 | D        | Lost mutation: You are agile. (Dex +2) [potion of mutation]
   137 | D        | Gained mutation: You possess an exceptional clarity of mind. [potion of mutation]
   138 | D        | Lost mutation: You possess an exceptional clarity of mind. [potion of mutation]
   138 | D        | Gained mutation: You do not regenerate when monsters are visible. [potion of mutation]
   138 | D        | Gained mutation: Your flesh is cold resistant. (rC+) [potion of mutation]
   139 | D        | Lost mutation: Your flesh is cold resistant. (rC+) [potion of mutation]
   139 | D        | Lost mutation: Your movements are slightly less encumbered by armour. (ER -2) [potion of mutation]
   139 | D        | Gained mutation: You tend to lose your temper in combat. [potion of mutation]
   139 | D        | Gained mutation: Your muscles are strong. (Str +2) [potion of mutation]
   151 | D        | Noticed a water elemental
   152 | D        | Killed a hellion
   152 | D        | Killed a hellion
   155 | D        | Killed a water elemental
   155 | D        | Reached skill level 5 in Dodging
   155 | D        | Reached skill level 7 in Spellcasting
   155 | D        | Reached skill level 5 in Fire Magic
   155 | D        | Reached XP level 4. HP: 17/27 MP: 8/15
   164 | D        | Learned a level 4 spell: Sticky Flame
   164 | D        | Killed a hellion
   185 | D        | Killed a hellion
   185 | D        | Killed a hellion
   229 | D        | Killed a white draconian scorcher
   243 | D        | Killed a white draconian scorcher
   265 | D        | Found a radiant altar of Vehumet.
   266 | D        | Noticed a wizard
   267 | D        | Found a deep blue altar of Sif Muna.
   267 | D        | Found an ancient bone altar of Kikubaaqudgha.
   267 | D        | Killed a wizard
   267 | D        | Reached XP level 5. HP: 32/32 MP: 12/17
   280 | D        | Became a worshipper of Vehumet
   287 | D        | Learned a level 5 spell: Fireball
   313 | D        | Killed a hellion
   333 | D        | Found a glowing silver altar of Zin.
   334 | D        | Found a glowing golden altar of the Shining One.
   334 | D        | Found a white marble altar of Elyvilon.
   334 | D        | Noticed a deep elf mage
   343 | D        | Killed a deep elf mage
   343 | D        | Reached skill level 11 in Spellcasting
   343 | D        | Reached XP level 6. HP: 39/39 MP: 9/22
   343 | D        | Reached XP level 7. HP: 44/44 MP: 9/23
   351 | D        | Learned a level 6 spell: Freezing Cloud
   422 | D        | Found an ornate altar of the Wu Jian Council.
   422 | D        | Found a roughly hewn altar of Beogh.
   422 | D        | Found an iron altar of Okawaru.
   422 | D        | Found a bloodstained altar of Trog.
   422 | D        | Found a hide-covered altar of Uskayaw.
   422 | D        | Noticed a human
   422 | D        | Noticed a human
   426 | D        | Killed a human
   426 | D        | Reached skill level 1 in Short Blades
   426 | D        | Reached skill level 1 in Ice Magic
   426 | D        | Reached skill level 1 in Air Magic
   429 | D        | Killed a human
   429 | D        | Reached * piety under Vehumet
   429 | D        | Offered knowledge of Magic Dart by Vehumet.
   429 | D        | Reached skill level 5 in Fighting
   429 | D        | Reached skill level 5 in Armour
   554 | D        | Found a basalt altar of Yredelemnul.
   554 | D        | Found a shadowy altar of Dithmenos.
   554 | D        | Found a sacrificial altar of Ru.
   614 | D        | Noticed a shadow
   620 | D        | Killed a shadow
   620 | D        | Offered knowledge of Sandblast by Vehumet.
   620 | D        | Reached ** piety under Vehumet
   620 | D        | Reached skill level 12 in Spellcasting
   620 | D        | Reached XP level 8. HP: 49/49 MP: 16/26
   637 | D        | Learned a level 6 spell: Bolt of Cold
   667 | D        | Found a blossoming altar of Fedhas.
   667 | D        | Found a stormy altar of Qazlal.
   667 | D        | Found a snail-covered altar of Cheibriados.
   667 | D        | Found a burning altar of Makhleb.
   667 | D        | Found a shimmering altar of Xom.
   668 | D        | Found a hazy altar of Hepliaklqana.
   668 | D        | Found an opulent altar of Gozag.
   668 | D        | Found a sparkling altar of Nemelex Xobeh.
   668 | D        | Found a corrupted altar of Lugonu.
   668 | D        | Found a viscous altar of Jiyva.
   745 | D        | Noticed Josephine
   746 | D        | Killed Josephine
   746 | D        | Reached skill level 13 in Spellcasting
   746 | D        | Reached XP level 9. HP: 48/55 MP: 11/28
   838 | D        | Noticed a centaur warrior
   839 | D        | Reached *** piety under Vehumet
   839 | D        | Offered knowledge of Throw Frost by Vehumet.
   845 | D        | Killed a centaur warrior
   845 | D        | Reached skill level 5 in Ice Magic
   945 | D        | Noticed an unseen horror
   951 | D        | Killed an unseen horror
   951 | D        | Reached skill level 5 in Short Blades
   951 | D        | Reached skill level 14 in Spellcasting
   951 | D        | Reached skill level 5 in Air Magic
   953 | D        | Noticed an unseen horror
   956 | D        | Killed an unseen horror
   956 | D        | Reached **** piety under Vehumet
   956 | D        | Reached skill level 10 in Dodging
  1120 | D        | Offered knowledge of Iskenderun's Mystic Blast by Vehumet.
  1121 | D        | Reached XP level 10. HP: 61/61 MP: 16/30
  1121 | D        | Reached ***** piety under Vehumet
  1152 | D        | Reached ****** piety under Vehumet
  1155 | D        | Reached skill level 10 in Fire Magic
  1156 | D        | Reached skill level 15 in Spellcasting
  1271 | D        | Offered knowledge of Lightning Bolt by Vehumet.
  1285 | D        | Learned a level 5 spell: Lightning Bolt
  1406 | D        | Noticed a spiny frog
  1406 | D        | Noticed a spiny frog
  1409 | D        | Killed a spiny frog
  1409 | D        | Offered knowledge of Bolt of Draining by Vehumet.
  1412 | D        | Killed a spiny frog
  1487 | D        | Reached skill level 10 in Conjurations
  1897 | D        | Offered knowledge of Throw Icicle by Vehumet.
  1980 | D        | Reached skill level 16 in Spellcasting
  1980 | D        | Reached XP level 11. HP: 51/68 MP: 23/33
  2345 | D        | Noticed a lindwurm
  2348 | D        | Noticed Urug
  2350 | D        | Killed from afar by a lindwurm

Vault maps used:
D:        dungeon_sprint_mu

Skill      XL: |  1  2  3  4  5  6  7  8  9 10 |
---------------+-------------------------------+-----
Fighting       | 1 2 4 5 6 7 |  7.6
Armour         | 1 2 4 5 6 7 |  7.7
Dodging        | 3 4 5 7 8 9 10 11 | 11.2
Spellcasting   | 5 7 11 12 13 14 16 | 16.0
Conjurations   | 2 3 4 6 7 8 9 10 | 10.1
Fire Magic     | 4 5 7 8 9 10 | 10.6
Short Blades   | 2 3 5 7 |  7.1
Ice Magic      | 2 4 6 7 |  7.7
Air Magic      | 2 4 5 7 |  7.0
Stealth        | |  2.4

Action                   |  1- 3 |  4- 6 |  7- 9 | 10-12 || total
-------------------------+-------+-------+-------+-------++-------
Melee: Unarmed           |     1 |       |       |       ||     1
       Dagger            |       |       |     2 |     2 ||     4
 Cast: Flame Tongue      |    16 |     2 |    29 |    12 ||    59
       Throw Flame       |     1 |       |       |       ||     1
       Conjure Flame     |     1 |       |     3 |     4 ||     8
       Sticky Flame      |       |     4 |     8 |     9 ||    21
       Fireball          |       |       |     7 |     1 ||     8
       Freezing Cloud    |       |       |     2 |     4 ||     6
       Bolt of Cold      |       |       |       |    11 ||    11
       Lightning Bolt    |       |       |       |     2 ||     2
  Use: Potion            |     6 |       |       |       ||     6
       Scroll            |     5 |       |       |       ||     5
  Eat: Fruit             |       |       |     1 |       ||     1
       Chunk             |       |       |     1 |       ||     1
       Royal jelly       |       |       |       |     5 ||     5
Armor: Robe              |     3 |       |     1 |     2 ||     6
Dodge: Dodged            |     8 |     4 |    17 |    17 ||    46
